 Dungeon Crawl Stone Soup version 0.30-a0-782-ge64f9170bb (webtiles) character file.

Game seed: 13892270166158028180

11767 mopl the Covert (level 11, -12/47 HPs)
             Began as a Vine Stalker Enchanter on Mar 9, 2023.
             Was a Believer of Nemelex Xobeh.
             Mangled by a two-headed ogre
             ... wielding a +0 giant club of flaming
              (23 damage)
             ... in a volcano.
             The game lasted 00:25:40 (10962 turns).

mopl the Covert (Vine Stalker Enchanter)           Turns: 10962, Time: 00:25:41

Health: -12/47     AC:  5    Str: 10    XL:     11   Next: 82%
Magic:  0/24       EV: 12    Int: 22    God:    Nemelex Xobeh [**....]
Gold:   775        SH: 13    Dex: 22    Spells: 8/26 levels left

rFire   + . .      SeeInvis .    a - +1 dagger
rCold   . . .      Faith    .    K - +2 buckler
rNeg    + . .      Spirit   +    H - +1 robe of Agoraphobia {rN+ Regen+ Int+3}
rPois   .          Reflect  +    (no helmet)
rElec   .          Harm     .    (no cloak)
rCorr   .          Rampage  .    n - +0 pair of gloves
Will    +....                    P - +0 pair of boots {Fly}
Stlth   +++++                    R - amulet "Rexzonar" {Reflect Regen+ SH+5}
HPRegen 2.67/turn                w - +6 ring of dexterity
MPRegen 0.19/turn                G - ring of protection from fire

@: flying
A: fangs 3, regeneration 1, magic shield, antimagic bite, no potion heal 2
a: Renounce Religion, Draw Escape, Draw Destruction, Draw Summoning


You were in a volcano.
You worshipped Nemelex Xobeh.
Nemelex Xobeh was pleased with you.
You visited 3 branches of the dungeon, and saw 12 of its levels.
You also visited: Sewer, Ossuary, Bailey and Volcano.

You collected 905 gold pieces.
You spent 130 gold pieces at shops.

Inventory:

Hand Weapons
 a - a +1 dagger (weapon)
 b - the +8 arc blade {discharge, rElec}
   (You acquired it on level 10 of the Dungeon)

   rElec:     It insulates you from electricity.
 j - a +0 quick blade
 O - the +8 short sword of the Pillar {flame, *Noise rN+ rCorr}
   (You took it off an orc warrior in a bailey)

   rN:        It protects you from negative energy.
   *Noise:    It may make noises in combat.
   rCorr:     It protects you from acid and corrosion.
Missiles
 d - 28 boomerangs
 h - 44 poisoned darts
 C - a boomerang of dispersal
 W - a curare-tipped dart
 Y - 4 datura-tipped darts
Armour
 n - a +0 pair of gloves (worn)
 H - the +1 robe of Agoraphobia (worn) {rN+ Regen+ Int+3}
   (You found it on level 6 of the Dungeon)

   Int:       It affects your intelligence (+3).
   rN:        It protects you from negative energy.
   Regen:     It increases your rate of health regeneration.
 K - a +2 buckler (worn)
 P - a +0 pair of boots of flying (worn)
Jewellery
 w - a +6 ring of dexterity (left hand)
 G - a ring of protection from fire (right hand)
 R - the amulet "Rexzonar" (around neck) {Reflect Regen+ SH+5}
   (You took it off a wight on level 8 of the Dungeon)

   [amulet of reflection]

   It reflects blocked missile attacks.
   Regen:     It increases your rate of health regeneration.
   SH:        It affects your SH (+5).
 U - a ring of willpower
Wands
 u - a wand of roots (4)
 B - a wand of light (4)
 M - a wand of paralysis (5)
 N - a wand of mindburst (9)
 Q - a wand of flame (25)
Scrolls
 f - 3 scrolls of torment {!r}
 g - 6 scrolls of vulnerability
 l - 5 scrolls of fear
 o - 2 scrolls of blinking {unknown}
 p - a scroll of summoning {unknown}
 q - a scroll of fog {unknown}
 r - 2 scrolls of magic mapping {unknown}
 s - 7 scrolls of enchant armour {unknown}
 t - 2 scrolls of silence {unknown}
 D - 2 scrolls of immolation {unknown}
 E - 2 scrolls of enchant weapon {unknown}
 J - 5 scrolls of teleportation {unknown}
Potions
 c - a potion of invisibility
 e - 8 potions of flight
 i - 15 potions of curing
 m - a potion of cancellation
 x - 4 potions of haste
 z - 3 potions of magic
 A - 3 potions of brilliance
 F - a potion of resistance
 T - 2 potions of might
 X - a potion of berserk rage {!q}


   Skills:
 + Level 7.2 Short Blades
 + Level 5.1 Throwing
 - Level 1.5 Dodging
 + Level 11.0 Stealth
 - Level 4.0 Shields
 + Level 8.3 Spellcasting
 + Level 8.5 Hexes
 + Level 2.2 Invocations
 + Level 5.1 Evocations


You had 8 spell levels left.
You knew the following spells:

 Your Spells              Type           Power      Damage    Failure   Level
a - Confusing Touch       Hex            46%        N/A       1%          3
b - Ensorcelled Hibernat  Hex/Ice        54%        N/A       2%          2
c - Mephitic Cloud        Conj/Pois/Air  9%         N/A       28%         3
d - Tukima's Dance        Hex            46%        N/A       1%          3
f - Dazzling Flash        Conj/Hex       54%        N/A       4%          3
g - Anguish               Hex/Necr       13%        N/A       16%         4

Your spell library contained the following spells:

 Spells                   Type           Power      Damage    Failure   Level
 Slow                     Hex            100%       N/A       1%          1
 Portal Projectile        Hex/Tloc       54%        N/A       4%          3
 Summon Guardian Golem    Hex/Summ       27%        N/A       4%          3
 Beastly Appendage        Tmut           18%        N/A       10%         1
 Freeze                   Ice            36%        1d5       10%         1
 Magic Dart               Conj           36%        1d4       10%         1
 Summon Small Mammal      Summ           36%        N/A       10%         1
 Call Imp                 Summ           9%         N/A       14%         2
 Wereblood                Tmut           9%         N/A       14%         2
 Leda's Liquefaction      Hex/Erth       13%        N/A       16%         4
 Call Canine Familiar     Summ           9%         N/A       28%         3
 Frozen Ramparts          Ice            18%        1d3       28%         3
 Hailstorm                Conj/Ice       9%         3d4       28%         3
 Spider Form              Tmut/Pois      9%         N/A       28%         3
 Vampiric Draining        Necr           9%         2d6       28%         3
 Enfeeble                 Hex            23%        N/A       93%         7


Dungeon Overview and Level Annotations

Branches:
Dungeon (10/15)            Temple (1/1) D:5            Lair (1/5) D:8
    Orc (0/2) D:9           Sewer (visited)         Ossuary (visited)
 Bailey (visited)         Volcano (1/1)

Altars:
Ashenzari
Cheibriados
Dithmenos
Elyvilon
Fedhas
Gozag
Hepliaklqana
Kikubaaqudgha
Makhleb
Nemelex Xobeh
Okawaru
Qazlal
Ru
Sif Muna
Trog
Uskayaw
Vehumet
Wu Jian
Xom
Yredelemnul
Zin
The Shining One

Shops:
D:10 !

Annotations:
D:4 2 runed translucent doors, Dirtsage's ghost, amateur DsFi
D:5 Duvessa


Innate Abilities, Weirdness & Mutations

You have razor-sharp teeth.
Your natural rate of healing is unusually fast.
When hurt, damage is shared between your health and your magic reserves.
Your bite disrupts and absorbs the magic of your enemies.
Potions cannot restore your health.


Message History

You perforate the fire bat like a sieve!!!!
You kill the fire bat!
Your Stealth skill increases to level 11!
No target in view!
Found a quick blade.
Found a dark tunnel.
You see here a +0 quick blade.
j - a +0 quick blade
There is a dark tunnel here.
The world spins around you as you enter the gateway.
You enter a volcano!
Found a rocky tunnel leading out of this place.
There is a rock-blocked tunnel here.
The air gets thick with the scent of sulphur.
In the distance, the volcano erupts with a roar.
The two-headed ogre shouts in stereo!
An ogre mage comes into view.
It is wielding a +1 spear of flaming and wearing a +0 robe of fire resistance.
Found four items.
The ogre mage shouts!
Something unseen opens the large door.
The ogre mage gestures at the two-headed ogre while chanting.
The two-headed ogre seems to speed up.
A two-headed ogre comes into view.
It is wielding two +0 giant clubs of flaming.
Found a bloodstained altar of Trog.
You block the two-headed ogre's attack.
The two-headed ogre hits you with a +2 great mace of flaming.
The two-headed ogre burns you.
The two-headed ogre shouts in stereo!
The two-headed ogre attacks as you move away!
You block the two-headed ogre's attack. The two-headed ogre barely misses you.
The two-headed ogre hits you with a +0 giant club of flaming!!
The two-headed ogre burns you.
The two-headed ogre hits you with a +2 great mace of flaming!
* * * LOW HITPOINT WARNING * * *
The two-headed ogre burns you.
* * * LOW HITPOINT WARNING * * *
The two-headed ogre attacks as you move away!
You block the two-headed ogre's attack.
The two-headed ogre hits you with a +2 great mace of flaming!!
You die...
Your body glows slightly and disappears.

#≈≈°≈§≈#...#######
#≈°°≈§≈#...'[$.!!+
#≈§§≈≈#...#..≈..#
#≈§§≈#...#8≈≈≈8#
#§≈≈≈##..'..≈..+
#≈≈≈≈≈#..'.....+
##≈≈≈≈##.#8O..8#
##≈≈≈§###O....###§§
##§≈≈§§@.....≈§≈≈§
#§≈≈≈§≈8...8≈≈≈≈#
##≈≈≈§§.....≈≈##
###≈§≈§....≈≈#
#≈§§8...8§##
####.....## #.....#
#8...8# #.....#


You could see 2 two-headed ogres.

Vanquished Creatures
  Pikel (D:6)
  An orc knight (Bailey)
  Joseph (D:7)
  A cane toad (Lair:1)
  3 komodo dragons (D:8)
  2 trolls (D:10)
  A hornet (D:10)
  Prince Ribbit (D:6)
  3 blink frogs (Lair:1)
  A shadow (D:10)
  3 wyverns
  A basilisk (D:8)
  2 unseen horror simulacra (D:9)
  6 yaks
  3 fire bats (Lair:1)
  A steam dragon (D:8)
  Menkaure (D:5)
  An acid dragon (D:9)
  A water moccasin (D:6)
  3 black bears
  A sky beast (D:6)
  3 ice beasts
  13 orc warriors
  2 ogres
  A wolf (D:9)
  A centaur (D:7)
  A phantom (D:5)
  2 lemures (D:6)
  2 kobold brigands
  4 necrophages
  4 bullfrogs
  A gnoll sergeant (D:6)
  2 scorpions
  2 elf zombies (Ossuary)
  4 wights (D:8)
  Dowan (D:5)
  4 electric eels
  4 howler monkeys
  5 jellies
  4 orc priests
  5 hounds
  A gnoll bouda (D:8)
  Ijyb (D:5)
  5 iguanas
  7 orc wizards
  Terence (D:3)
  2 centaur simulacra (D:9)
  2 hound zombies (Ossuary)
  4 mummies (Ossuary)
  12 adders
  7 gnolls
  3 river rats
  4 white imps (D:9)
  2 ufetubi
  6 worms
  26 orcs
  8 ball pythons
  6 bats
  3 bat skeletons (D:5)
  2 bat zombies (D:5)
  6 endoplasms
  7 giant cockroaches
  2 gnoll zombies (Ossuary)
  13 goblins
  8 hobgoblins
  3 quokkas
  A frilled lizard (D:2)
  A goblin zombie (Ossuary)
  2 jackal zombies (Ossuary)
  28 kobolds
  2 kobold zombies (Ossuary)
  13 rats
  A rat zombie (Ossuary)
  A spectral kobold (D:1)
293 creatures vanquished.

Vanquished Creatures (collateral kills)
  An ogre (D:7)
  5 wights (D:8)
  2 gnolls (D:6)
8 creatures vanquished.

Vanquished Creatures (others)
  A dancing weapon (D:6)
  A fungus (Lair:1)
  3 plants
5 creatures vanquished.

Grand Total: 306 creatures vanquished

Notes
Turn   | Place    | Note
-------+----------+-------------------------------------------
     0 | D:1      | mopl the Vine Stalker Enchanter began the quest for the
                  | Orb.
     0 | D:1      | Reached XP level 1. HP: 9/9 MP: 4/4
   141 | D:1      | Reached skill level 1 in Short Blades
   186 | D:1      | Reached XP level 2. HP: 13/13 MP: 4/6
   194 | D:1      | Learned a level 2 spell: Ensorcelled Hibernation
   435 | D:1      | Found a faded altar of an unknown god.
   453 | D:1      | Reached skill level 4 in Stealth
   825 | D:2      | Reached XP level 3. HP: 11/16 MP: 5/7
  1302 | D:3      | Found a snail-covered altar of Cheibriados.
  1384 | D:3      | Found a hide-covered altar of Uskayaw.
  1392 | D:3      | Gained mutation: Your natural rate of healing is unusually
                  | fast. [Vine Stalker growth]
  1392 | D:3      | Reached XP level 4. HP: 17/21 MP: 9/9
  1396 | D:3      | Learned a level 3 spell: Confusing Touch
  1400 | D:3      | Learned a level 3 spell: Tukima's Dance
  1410 | D:3      | Noticed Terence
  1424 | D:3      | Killed Terence
  1425 | D:3      | Reached skill level 3 in Spellcasting
  1585 | D:3      | Found a burning altar of Makhleb.
  1587 | D:3      | Noticed a green death
  1652 | D:3      | Reached skill level 2 in Short Blades
  1804 | D:3      | Noticed a neqoxec
  1804 | D:3      | Noticed a neqoxec
  1838 | D:4      | Noticed a scorpion
  1847 | D:4      | Killed a scorpion
  1848 | D:4      | Reached skill level 5 in Stealth
  1848 | D:4      | Reached XP level 5. HP: 24/24 MP: 6/11
  1890 | D:4      | Reached skill level 4 in Hexes
  1931 | D:4      | Reached XP level 6. HP: 28/28 MP: 4/12
  1996 | D:4      | Learned a level 3 spell: Dazzling Flash
  2382 | D:4      | Found a runed translucent door.
  2384 | D:4      | Noticed Dirtsage's ghost (amateur DsFi)
  2456 | D:4      | Found a shimmering altar of Xom.
  2510 | D:4      | Found a runed translucent door.
  2583 | D:5      | Entered Level 5 of the Dungeon
  2589 | D:5      | Found a glowing drain.
  2638 | D:5      | Reached skill level 3 in Short Blades
  2646 | Sewer    | Entered a sewer
  2656 | Sewer    | Reached skill level 4 in Spellcasting
  2810 | Sewer    | Reached XP level 7. HP: 14/32 MP: 2/14
  2849 | Sewer    | Reached skill level 6 in Stealth
  3102 | D:5      | Found a sand-covered staircase.
  3107 | Ossuary  | Entered an ossuary
  3197 | Ossuary  | Reached skill level 5 in Hexes
  3392 | D:5      | Noticed Duvessa
  3394 | D:5      | Noticed Dowan
  3516 | D:4      | Learned a level 3 spell: Mephitic Cloud
  3580 | D:5      | Found a staircase to the Ecumenical Temple.
  3591 | Temple   | Entered the Ecumenical Temple
  3768 | D:5      | Noticed Ijyb
  3775 | D:5      | Killed Ijyb
  3980 | D:5      | Gained mutation: You have razor-sharp teeth. [Vine Stalker
                  | growth]
  3980 | D:5      | Reached XP level 8. HP: 36/36 MP: 16/16
  4113 | D:5      | Reached skill level 4 in Short Blades
  4113 | D:5      | Reached skill level 7 in Stealth
  4113 | D:5      | Reached skill level 5 in Spellcasting
  4369 | D:5      | Noticed Menkaure
  4375 | D:5      | Killed Menkaure
  4403 | D:5      | Found an ancient bone altar of Kikubaaqudgha.
  4795 | D:5      | Killed Dowan
  5154 | D:6      | Identified the +1 robe of Agoraphobia {rN+ Regen+ Int+3}
  5210 | D:6      | Reached skill level 6 in Hexes
  5215 | D:6      | Learned a level 4 spell: Anguish
  5274 | D:6      | Noticed Pikel
  5293 | D:6      | Killed Pikel
  5294 | D:6      | Reached skill level 5 in Short Blades
  5294 | D:6      | Reached skill level 1 in Throwing
  5294 | D:6      | Reached skill level 8 in Stealth
  5294 | D:6      | Reached skill level 6 in Spellcasting
  5294 | D:6      | Reached skill level 1 in Evocations
  5294 | D:6      | Reached XP level 9. HP: 39/39 MP: 3/19
  5426 | D:6      | Noticed Prince Ribbit
  5430 | D:6      | Killed Prince Ribbit
  5431 | D:6      | Reached skill level 2 in Throwing
  5544 | D:6      | Reached skill level 2 in Evocations
  6279 | D:7      | Reached skill level 9 in Stealth
  6279 | D:7      | Reached skill level 1 in Shields
  6462 | D:7      | Reached skill level 7 in Hexes
  6530 | D:7      | Reached skill level 3 in Throwing
  6530 | D:7      | Reached XP level 10. HP: 34/44 MP: 6/21
  6687 | D:7      | Reached skill level 3 in Evocations
  6790 | D:7      | Noticed Joseph
  6795 | D:7      | Killed Joseph
  6796 | D:7      | Reached skill level 2 in Shields
  6989 | D:8      | Found a flagged portal.
  7011 | Bailey   | Entered a bailey
  7045 | Bailey   | Noticed an orc knight
  7080 | Bailey   | Killed an orc knight
  7081 | Bailey   | Reached skill level 6 in Short Blades
  7081 | Bailey   | Reached skill level 7 in Spellcasting
  7237 | Bailey   | Identified the +8 short sword of the Pillar {flame, *Noise
                  | rN+ rCorr}
  7988 | D:8      | Identified the amulet "Rexzonar" {Reflect Regen+ SH+5}
  8057 | D:8      | Found a sparkling altar of Nemelex Xobeh.
  8093 | D:8      | Reached skill level 4 in Throwing
  8100 | D:8      | Reached skill level 3 in Shields
  8160 | D:8      | Found an iron altar of Okawaru.
  8191 | D:8      | Reached skill level 10 in Stealth
  8228 | D:8      | Reached skill level 4 in Evocations
  8252 | D:8      | Reached XP level 11. HP: 47/47 MP: 19/23
  8417 | D:8      | Found a staircase to the Lair.
  8622 | D:9      | Reached skill level 8 in Hexes
  8879 | D:8      | Became a worshipper of Nemelex Xobeh the Trickster
  8958 | D:9      | Found a staircase to the Orcish Mines.
  9345 | D:9      | Reached * piety under Nemelex Xobeh
  9406 | D:9      | Identified the +4 scale mail of the Gastropod {-Cast Harm
                  | rElec rF-}
  9648 | D:10     | Entered Level 10 of the Dungeon
  9777 | D:10     | Found Pyetasch's Distillery.
  9784 | D:10     | Found a broken altar of Ashenzari.
  9833 | D:10     | Bought a potion of resistance for 100 gold pieces
  9833 | D:10     | Bought a potion of curing for 30 gold pieces
  9837 | D:10     | Identified a scroll of acquirement
  9841 | D:10     | Acquired the +8 arc blade {discharge, rElec}
  9841 | D:10     | Found the +8 arc blade {discharge, rElec}
  9873 | D:10     | Received a gift from Nemelex Xobeh
  9935 | D:10     | Reached skill level 4 in Shields
  9935 | D:10     | Reached skill level 8 in Spellcasting
  9935 | D:10     | Reached skill level 1 in Invocations
 10009 | D:10     | Reached ** piety under Nemelex Xobeh
 10192 | D:10     | Found a white marble altar of Elyvilon.
 10352 | D:10     | Reached skill level 7 in Short Blades
 10477 | D:10     | Found a basalt altar of Yredelemnul.
 10616 | Lair:1   | Entered Level 1 of the Lair of Beasts
 10626 | Lair:1   | Received a gift from Nemelex Xobeh
 10730 | Lair:1   | Reached skill level 5 in Throwing
 10862 | Lair:1   | Received a gift from Nemelex Xobeh
 10870 | Lair:1   | Reached skill level 5 in Evocations
 10874 | Lair:1   | Reached skill level 2 in Invocations
 10898 | Lair:1   | Reached skill level 11 in Stealth
 10900 | Lair:1   | Found a dark tunnel.
 10912 | Volcano  | Entered a volcano
 10941 | Volcano  | Noticed a two-headed ogre
 10942 | Volcano  | Noticed a two-headed ogre
 10953 | Volcano  | Noticed an ogre mage
 10957 | Volcano  | Noticed a two-headed ogre
 10958 | Volcano  | Found a bloodstained altar of Trog.
 10962 | Volcano  | Mangled by a two-headed ogre

Illustrated notes

Levels and vault maps discovered:
D:1:      matt_arrival_refuge, layout_basic,
          dreamdust_ecumenical_altar_drowned_temple
D:2:      layout_basic
D:3:      layout_rooms, makhleb_altar_promises_db, cheibriados_altar_1,
          mainiacjoe_overflow_surrounded_room, uniq_terence
D:4:      layout_basic, mainiacjoe_overflow_alcove_4, ebering_ghost_sewer_f
D:5:      layout_basic, kennysheep_vampire_church,
          minmay_temple_entry_sparse_star, portal_sewer_entry_b,
          enter_ossuary_2, uniq_menkaure, uniq_ijyb, uniq_duvessa
D:6:      layout_loops_corners, serial_park_tiny_2, minmay_microvault,
          uniq_prince_ribbit1, uniq_pikel
D:7:      layout_basic, grunt_ministairs_15, uniq_joseph
D:8:      layout_rooms, mainiacjoe_overflow_catch_the_wave, erik_lair_dragon,
          serial_co_window_serial, co_window_paths_a, co_window_paths_b,
          co_window_corner_a, co_window_corner_a, co_window_cross_1,
          co_window_paths_a, co_window_unsneaky_path_e, co_window_corner_ca,
          co_window_corner_b, co_window_paths_c, glass_columns_a,
          glass_columns_b, enter_bailey_3
D:9:      layout_roguey, david_orc_2, serial_ice, serial_ice_j, serial_ice_h,
          serial_ice_a, serial_ice_c, serial_ice_o, serial_ice_e, moated_statue
D:10:     layout_stronghold, kennysheep_ying_yang,
          mainiacjoe_overflow_cross_hatched, serial_shops, shop,
          minmay_fountain_box, minmay_holes
Temple:   hellmonk_temple_flake
Lair:1:   layout_chaotic_city, nicolae_volcano_entry_batcave, serial_rivers,
          chequers_serial_rivers_micro_e, chequers_serial_rivers_large_a,
          chequers_serial_rivers_room_b, chequers_serial_rivers_micro_b,
          infiniplex_staircase_pool
Volcano:  kennysheep_volcano_temple

Skill      XL: |  1  2  3  4  5  6  7  8  9 10 11 |
---------------+----------------------------------+-----
Short Blades   | 1 2 3 5 6 7 |  7.2
Stealth        | 4 5 6 8 9 10 11 | 11.0
Spellcasting   | 3 4 6 7 8 |  8.3
Hexes          | 4 5 6 7 8 |  8.5
Throwing       | 1 3 4 5 |  5.1
Evocations     | 1 2 4 5 |  5.1
Shields        | 1 3 4 |  4.0
Invocations    | 2 |  2.2
Dodging        | |  1.5

Action                     |  1- 3 |  4- 6 |  7- 9 | 10-12 || total
---------------------------+-------+-------+-------+-------++-------
  Melee: Dagger            |   105 |   159 |   288 |   364 ||   916
         Bite              |    24 |    38 |    91 |   119 ||   272
         Punch             |     1 |     1 |     3 |       ||     5
         Rapier            |       |       |       |     1 ||     1
   Cast: Ensorcelled Hiber |     1 |    25 |    65 |    95 ||   186
         Confusing Touch   |       |       |     5 |     2 ||     7
         Tukima's Dance    |       |       |     7 |     9 ||    16
  Evoke: Wand              |       |       |       |     1 ||     1
    Use: Scroll            |       |       |    11 |     5 ||    16
         Potion            |       |       |     2 |       ||     2
   Stab: Sleeping          |     7 |    23 |    41 |    67 ||   138
         Distracted        |     1 |       |       |     3 ||     4
         Invisible         |       |       |     5 |       ||     5
         Confused          |       |       |     4 |     1 ||     5
         Paralysed         |       |       |       |     1 ||     1
 Armour: Robe              |    24 |    22 |    59 |    57 ||   162
  Dodge: Dodged            |    58 |    83 |   168 |   103 ||   412
  Block: Buckler           |       |       |    11 |   145 ||   156
         Reflection        |       |       |       |     1 ||     1

Table legend: (Time is in decaauts)
 A = Elapsed time spent in this place.
 B = Non-inter-level travel time spent in this place.
 C = Inter-level travel time spent in this place.
 D = Time resting spent in this place.
 E = Time spent auto-exploring this place.
 F = Levels seen in this place.
 G = Mean time per level.
                   A        B        C        D        E       F      G
               +--------+--------+--------+--------+--------+-----+--------+
         Total |  10846 |  10297 |    549 |    898 |   6026 |  16 |  677.9 |
       Dungeon |   9242 |   8702 |    540 |    798 |   5643 |  10 |  924.2 |
        Temple |    239 |    230 |      9 |     87 |    127 |   1 |  239.0 |
          Lair |    285 |    285 |      0 |      0 |      0 |   1 |  285.0 |
         Sewer |    360 |    360 |      0 |      0 |      0 |   1 |  360.0 |
       Ossuary |    264 |    264 |      0 |      0 |    104 |   1 |  264.0 |
        Bailey |    404 |    404 |      0 |     13 |    152 |   1 |  404.0 |
       Volcano |     49 |     49 |      0 |      0 |      0 |   1 |   49.0 |
               +--------+--------+--------+--------+--------+-----+--------+

Top non-repeatable levels by time:
     D:5: 1427 daAuts
     D:8: 1224 daAuts
     D:4: 1073 daAuts
     D:6: 1027 daAuts
     D:9: 990 daAuts
    D:10: 871 daAuts
     D:7: 807 daAuts
     D:1: 709 daAuts
     D:2: 594 daAuts
     D:3: 517 daAuts
  Bailey: 404 daAuts
   Sewer: 360 daAuts
  Lair:1: 285 daAuts
 Ossuary: 264 daAuts
  Temple: 239 daAuts
